 Dungeon Crawl Stone Soup version 0.20-a0-893-g832831a (webtiles) character file.

15752 tarabluh the Destroyer (level 12, 0/74 HPs)
             Began as a Deep Elf Wizard on Mar 16, 2017.
             Was a High Priest of Sif Muna.
             Slain by a black mamba (7 damage)
             ... on level 1 of the Lair of Beasts.
             The game lasted 01:18:01 (21023 turns).

tarabluh the Destroyer (Deep Elf Wizard)           Turns: 21023, Time: 01:18:02

Health: 0/74       AC:  7    Str:  7    XL:     12   Next: 4%
Magic:  14/26      EV: 15    Int: 26    God:    Sif Muna [*****.]
Gold:   736        SH:  4    Dex: 15    Spells: 5/27 levels left

rFire    x . .     SeeInvis .   (weapon currently unavailable)
rCold    + + +     Gourm    .   (armour currently unavailable)
rNeg     . . .     Faith    .   (shield currently unavailable)
rPois    +         Spirit   .   (helmet currently unavailable)
rElec    .         Reflect  +   (cloak currently unavailable)
rCorr    +         Harm     .   (gloves currently unavailable)
MR       ++...                  (boots currently unavailable)
Stlth    ++........             H - +4 amulet of reflection
Regen    0.3/turn               P - ring of resist corrosion
MPRegen  0.2/turn               e - ring of protection from magic

@: ice-form, divine energy
A: agile 1, dopey 1, frail 1, strong 1
a: End Transformation, Stop Divine Energy, Channel Magic, Forget Spell, Renounce
Religion


You were on level 1 of the Lair of Beasts.
You worshipped Sif Muna.
Sif Muna was extremely pleased with you.
You were not hungry.
You were a creature of crystalline ice.
You visited 3 branches of the dungeon, and saw 14 of its levels.
You also visited: Sewer.

You collected 736 gold pieces.

Inventory:

Hand Weapons
 y - a +3 spear of venom (melded)
 R - a +2 halberd of venom
Missiles
 n - 3 javelins
 t - 58 stones (quivered)
 w - 144 arrows
 E - 3 throwing nets
 Q - 6 tomahawks of dispersal
Armour
 h - a +1 hat (melded)
 j - a +0 pair of gloves (melded)
 p - a +1 pair of boots (melded)
 r - a +0 buckler (melded)
 Y - a +3 leather armour (melded)
Jewellery
 e - a ring of protection from magic (left front paw)
 v - an uncursed amulet of guardian spirit {unknown}
 H - a +4 amulet of reflection (around neck)
 P - a ring of resist corrosion (right front paw)
 S - an uncursed amulet of regeneration
Wands
 F - a wand of polymorph (13/24)
Scrolls
 i - a scroll of amnesia
 o - 2 scrolls of teleportation
 z - 2 scrolls of fear
 G - 4 scrolls of remove curse
 J - 3 scrolls of enchant armour
 M - 2 scrolls of fog
 N - 2 scrolls of recharging
 U - a scroll of brand weapon
 V - a scroll of noise
 W - 3 scrolls of immolation
Potions
 f - 4 potions of ambrosia
 g - a potion of mutation {unknown}
 k - 3 potions of might
 m - a potion of flight
 s - 5 potions of lignification
 u - a potion of invisibility
 D - a potion of agility
 L - 2 potions of magic
 O - 3 potions of brilliance
 T - a potion of haste
Books
 a - Sif Muna's Grimoire of Icy Confrontation
   (Sif Muna gifted it to you on level 1 of the Lair of Beasts)

   Spells                             Type                      Level
   a - Freeze                         Ice                          1
   b - Lightning Bolt                 Conjuration/Air              5
   c - Orb of Destruction             Conjuration                  7
 c - a book of Minor Magic

   Spells                             Type                      Level
   a - Magic Dart                     Conjuration                  1
   b - Blink                          Translocation                2
   c - Call Imp                       Summoning                    2
   d - Slow                           Hexes                        2
   e - Conjure Flame                  Conjuration/Fire             3
   f - Mephitic Cloud                 Conjuration/Poison/Air       3
 q - a book of Changes

   Spells                             Type                      Level
   a - Beastly Appendage              Transmutation                1
   b - Sticks to Snakes               Transmutation                2
   c - Spider Form                    Transmutation/Poison         3
   d - Ice Form                       Ice/Transmutation            4
   e - Blade Hands                    Transmutation                5
 Z - a book of Cantrips

   Spells                             Type                      Level
   a - Confusing Touch                Hexes                        1
   b - Animate Skeleton               Necromancy                   1
   c - Summon Small Mammal            Summoning                    1
   d - Apportation                    Translocation                1
Comestibles
 b - 7 royal jellies
 d - 9 bread rations
 x - 2 fruits
 K - 6 meat rations


   Skills:
 + Level 5.7 Fighting
 + Level 1.1 Armour
 + Level 8.2 Dodging
 - Level 2.4 Stealth
 - Level 4.2 Shields
 - Level 8.3 Spellcasting
 * Level 10.3 Conjurations
 - Level 2.2 Hexes
 - Level 6.8 Summonings
 - Level 4.4 Necromancy
 - Level 3.6 Translocations
 - Level 7.0 Transmutations
 - Level 3.2 Fire Magic
 - Level 3.5 Ice Magic
 * Level 2.9 Air Magic
 - Level 2.6 Poison Magic


You had 5 spell levels left.
You knew the following spells:

 Your Spells              Type           Power        Failure   Level  Hunger
a - Magic Dart            Conj           ####         1%          1    None
b - Call Imp              Summ           #####...     1%          2    None
c - Blink                 Tloc           N/A          1%          2    None
d - Conjure Flame         Conj/Fire      #####...     1%          3    None
e - Mephitic Cloud        Conj/Pois/Air  #####...     1%          3    None
f - Sticks to Snakes      Tmut           #####...     1%          2    None
g - Ice Form              Ice/Tmut       #####...     10%         4    ##.....
h - Apportation           Tloc           ####..       1%          1    None
i - Animate Skeleton      Necr           N/A          1%          1    None
j - Summon Small Mammal   Summ           ####         1%          1    None
k - Slow                  Hex            ###.....     3%          2    None


Dungeon Overview and Level Annotations

Branches:
Dungeon (12/15)            Temple (1/1) D:5            Lair (1/6) D:11
    Orc (0/2) D:10

Altars:
Ashenzari
Cheibriados
Dithmenos
Elyvilon
Fedhas
Gozag
Hepliaklqana
Kikubaaqudgha
Makhleb
Nemelex Xobeh
Okawaru
Qazlal
Ru
Sif Muna
Trog
Uskayaw
Vehumet
Wu Jian
Xom
Yredelemnul
Zin
The Shining One

Shops:
D:5 *


Innate Abilities, Weirdness & Mutations

You are agile. (Dex +2)
You are dopey. (Int -2)
You are frail. (-10% HP)
Your muscles are strong. (Str +2)


Message History

Your +3 spear of venom melds into your body.
Your +1 hat melds into your body.
Your +0 pair of gloves melds into your body.
Your +1 pair of boots melds into your body.
Your +0 buckler melds into your body.
Your +3 leather armour melds into your body.
Your +3 spear of venom stops dripping with poison.
The black mamba bites you!
* * * LOW HITPOINT WARNING * * *
The black mamba barely misses you.
Okay, then.
Okay, then.
Okay, then.
Casting: Ice Form
Confirm with . or Enter, or press ? or * to list all spells.
Okay, then.
Okay, then.
Okay, then.
You feel better. The black mamba bites you!
You die...

................#........)#..##..
...........................####..
...........................##...#
............#...............##..#
............P...............#..##
............................#..#
........###..#...............>.##
.####.#.# #................#..###
## ##### ##....Y.............#..
#....S..........).##..
##................P... ####
#.................... ####..#
##...........###.....
#.....###..........### ###...
#....##...#......### #....
#####...#.##.P#..## #...[
#######...#########...# #....


You could see a black mamba.

Vanquished Creatures
  A two-headed ogre (D:8)
  A wolf spider (Lair:1)
  Joseph (Lair:1)
  2 black mambas (Lair:1)
  2 komodo dragons (Lair:1)
  2 hornets
  A hippogriff (D:7)
  2 blink frogs (Lair:1)
  2 basilisks
  23 yaks
  A wyvern (D:7)
  2 steam dragons
  A water moccasin (Lair:1)
  4 porcupines
  2 black bears (D:11)
  2 orc warriors
  3 ice beasts
  A phantom (D:9)
  3 sky beasts
  4 wolves
  8 ogres
  The ghost of Atlas the Skirmisher, an amateur DsFi (D:4)
  5 centaurs
  6 crocodiles
  4 big kobolds
  A gnoll sergeant (D:9)
  9 bullfrogs
  2 scorpions
  18 killer bees
  A howler monkey (D:4)
  4 wights (D:7)
  2 centaur zombies
  7 crimson imps
  2 bullfrog zombies
  An orc priest (D:11)
  2 gnoll shamans
  3 jellies
  5 hounds
  2 centaur skeletons
  5 iguanas
  2 orc wizards
  6 worker ants
  A worker ant zombie (D:6)
  36 gnolls
  2 howler monkey skeletons
  24 adders
  2 river rats
  4 shadow imps
  2 oozes
  A worm (Sewer)
  2 adder skeletons
  An adder zombie (D:5)
  2 dart slugs
  4 leopard geckos
  30 orcs
  A ball python (Sewer)
  6 bats
  2 giant cockroaches
  9 goblins
  7 hobgoblins
  12 jackals
  6 quokkas
  11 kobolds
  12 rats
333 creatures vanquished.

Vanquished Creatures (collateral kills)
  A blink frog (Lair:1)
  A hippogriff (Lair:1)
  A yak (Lair:1)
  The ghost of kmshiort the Chopper, an amateur DrWn (Sewer)
  A wraith (D:10)
  A basilisk (Lair:1)
  2 ogres
  A crocodile (Lair:1)
  4 big kobolds (Sewer)
  3 bullfrog zombies
  An orc priest (D:9)
  3 hounds
  A gnoll shaman (D:4)
  An orc wizard (D:11)
  A worker ant (D:6)
  20 gnolls
  3 adders
  10 orcs
  3 ball pythons
  11 jackals (D:4)
  A quokka (D:6)
  A kobold (Sewer)
  2 rats (Sewer)
74 creatures vanquished.

Vanquished Creatures (others)
  A basilisk (D:11)
  A kobold (Sewer)
  7 fungi
  11 plants
20 creatures vanquished.

Grand Total: 427 creatures vanquished

Notes
Turn   | Place    | Note
-------+----------+-------------------------------------------
     0 | D:1      | tarabluh the Deep Elf Wizard began the quest for the Orb.
     0 | D:1      | Reached XP level 1. HP: 10/10 MP: 7/7
   696 | D:1      | Reached skill level 2 in Conjurations
   726 | D:1      | Reached XP level 2. HP: 15/15 MP: 7/9
  1129 | D:1      | Learned a level 2 spell: Call Imp
  1132 | D:1      | Learned a level 2 spell: Blink
  1313 | D:2      | Reached skill level 5 in Spellcasting
  1313 | D:2      | Reached XP level 3. HP: 17/19 MP: 3/11
  1318 | D:2      | Learned a level 3 spell: Conjure Flame
  1322 | D:2      | Learned a level 3 spell: Mephitic Cloud
  1359 | D:2      | Reached skill level 3 in Conjurations
  1697 | D:2      | Found a blossoming altar of Fedhas.
  1826 | D:2      | Reached XP level 4. HP: 23/24 MP: 5/13
  1864 | D:2      | Learned a level 2 spell: Sticks to Snakes
  1951 | D:2      | Found a shadowy altar of Dithmenos.
  1951 | D:2      | Found a glowing silver altar of Zin.
  1952 | D:2      | Found a shattered altar of Ashenzari.
  2240 | D:3      | Reached skill level 1 in Transmutations
  2457 | D:4      | Found a sparkling altar of Nemelex Xobeh.
  2462 | D:4      | Reached skill level 4 in Conjurations
  2463 | D:4      | Noticed an ogre
  2473 | D:4      | Killed an ogre
  2473 | D:4      | Reached XP level 5. HP: 28/28 MP: 4/15
  2564 | D:4      | Noticed Atlas's ghost (amateur DsFi)
  2820 | D:3      | Reached XP level 6. HP: 32/32 MP: 10/17
  3161 | D:4      | Found an opulent altar of Gozag.
  3189 | D:3      | Reached skill level 5 in Conjurations
  3961 | D:4      | Killed Atlas's ghost
  4164 | D:4      | Reached skill level 6 in Conjurations
  4164 | D:4      | Reached XP level 7. HP: 36/36 MP: 8/18
  4876 | D:4      | Reached skill level 7 in Conjurations
  5130 | D:5      | Entered Level 5 of the Dungeon
  5299 | D:5      | Found a hide-covered altar of Uskayaw.
  5350 | D:5      | Reached skill level 1 in Fighting
  5553 | D:5      | Found a staircase to the Ecumenical Temple.
  5599 | Temple   | Entered the Ecumenical Temple
  5669 | Temple   | Became a worshipper of Sif Muna the Loreminder
  5951 | D:4      | Reached XP level 8. HP: 35/43 MP: 7/20
  6258 | D:5      | Found Etoalo's General Store.
  6889 | D:5      | Reached skill level 8 in Conjurations
  7095 | D:6      | Found a glowing drain.
  7099 | Sewer    | Entered a sewer
  7189 | Sewer    | Noticed kmshiort's ghost (amateur DrWn)
  7217 | Sewer    | Killed kmshiort's ghost
  7217 | Sewer    | Reached skill level 1 in Shields
  7350 | Sewer    | Reached * piety under Sif Muna
  7793 | Sewer    | Reached skill level 5 in Transmutations
  8159 | D:6      | Reached XP level 9. HP: 28/48 MP: 22/22
  8451 | D:6      | Learned a level 4 spell: Ice Form
  9373 | D:7      | Reached ** piety under Sif Muna
 10448 | D:7      | Found a bloodstained altar of Trog.
 10759 | D:7      | Reached skill level 9 in Conjurations
 10861 | D:7      | Found an ancient bone altar of Kikubaaqudgha.
 11023 | D:7      | Reached skill level 5 in Dodging
 11587 | D:8      | Reached XP level 10. HP: 30/56 MP: 24/24
 12807 | D:8      | Noticed a two-headed ogre
 12818 | D:8      | Killed a two-headed ogre
 13901 | D:9      | Found an iron altar of Okawaru.
 14029 | D:9      | Gained mutation: Your muscles are strong. (Str +2) [mutagenic meat]
 14030 | D:9      | Gained mutation: You are agile. (Dex +2) [mutagenic meat]
 14031 | D:9      | Gained mutation: You are frail. (-10% HP) [mutagenic meat]
 14032 | D:9      | Gained mutation: You are dopey. (Int -2) [mutagenic meat]
 14123 | D:9      | Found a shimmering altar of Xom.
 14123 | D:9      | Found a snail-covered altar of Cheibriados.
 14947 | D:9      | Reached skill level 5 in Fighting
 15251 | D:9      | Reached skill level 10 in Conjurations
 15251 | D:9      | Reached skill level 5 in Summonings
 16055 | D:10     | Entered Level 10 of the Dungeon
 16080 | D:10     | Reached *** piety under Sif Muna
 16359 | D:10     | Reached XP level 11. HP: 57/57 MP: 20/25
 16376 | D:10     | Reached skill level 1 in Ice Magic
 16379 | D:10     | Reached skill level 1 in Fire Magic
 16478 | D:10     | Found a staircase to the Orcish Mines.
 16498 | D:10     | Learned a level 1 spell: Apportation
 16615 | D:10     | Learned a level 1 spell: Animate Skeleton
 16708 | D:10     | Reached skill level 1 in Poison Magic
 16828 | D:10     | You fall through a shaft for 2 floors!
 16930 | D:11     | Reached skill level 1 in Necromancy
 17045 | D:11     | Reached skill level 1 in Air Magic
 17491 | D:11     | Found a staircase to the Lair.
 17708 | Lair:1   | Entered Level 1 of the Lair of Beasts
 17814 | D:11     | Reached **** piety under Sif Muna
 18723 | Lair:1   | Learned a level 1 spell: Summon Small Mammal
 18726 | Lair:1   | Learned a level 2 spell: Slow
 18884 | Lair:1   | Reached skill level 1 in Hexes
 19219 | Lair:1   | Noticed a wolf spider
 19228 | Lair:1   | Killed a wolf spider
 19404 | Lair:1   | Noticed Joseph
 19567 | Lair:1   | Killed Joseph
 19621 | Lair:1   | Reached ***** piety under Sif Muna
 19621 | Lair:1   | Identified Sif Muna's Grimoire of Icy Confrontation (Sif Muna gifted it to you on level 1 of the Lair of Beasts)
 19621 | Lair:1   | Received a gift from Sif Muna
 20052 | Lair:1   | Reached XP level 12. HP: 27/62 MP: 10/26
 20323 | Lair:1   | Reached skill level 1 in Armour
 21022 | Lair:1   | HP: 1/74 [black mamba (13)]
 21023 | Lair:1   | Slain by a black mamba

Vault maps used:
D:1:      dpeg_arrival_radiant, grunt_decor_one_mirror, minmay_misc_feat_encased
D:2:      marbit_many_paths, gammafunk_temple_overflow_forgotten
D:3:      first_bread, nicolae_underground_beach
D:4:      lemuel_castle_with_subvaults, nemelex_xobeh_ov_fountains_minmay,
          kennysheep_mini_moat, kennysheep_minor_cross
D:5:      lemuel_coloured_pillars_altar, minmay_temple_entry_junction,
          serial_shops, nicolae_shop_behind_doors
D:6:      gup_sewer_entry_spiral
D:7:      kennysheep_mini, kiku_gazebo_pond_becter
D:9:      kennysheep_little_box, gammafunk_temple_overflow_pools,
          serial_co_window_serial, co_window_paths_b, co_window_corner_a,
          co_window_paths_b, co_window_of_opportunity_a,
          co_window_of_opportunity_a, co_window_broadway_a,
          co_window_broadway_b, co_window_broadway_b, co_window_broadway_b,
          co_window_broadway_b, co_window_corner_b, glass_columns_a,
          glass_columns_b, glass_columns_a, glass_columns_a, glass_columns_b,
          grunt_ogre_cave
D:10:     hiddenorc1_lemuel, uniq_nergalle
D:11:     minmay_lair_entry_grove, serial_shops, shop,
          nicolae_ru_the_path_less_chosen
D:12:     serial_bayou_pond_d
Temple:   cyrus_temple_forest
Lair:1:   minmay_lair_venomous_thicket, beast_lair_carwin_5, uniq_joseph
Sewer:    sewer_co_tree

Skill      XL: |  1  2  3  4  5  6  7  8  9 10 11 12 |
---------------+-------------------------------------+-----
Conjurations   | 2 3 4 6 7 8 9 10 | 10.3
Spellcasting   | 5 6 7 8 |  8.3
Transmutations | 1 2 3 5 6 7 |  7.0
Fighting       | 1 3 5 |  5.7
Dodging        | 3 5 7 8 |  8.2
Shields        | 3 4 |  4.2
Summonings     | 3 5 6 |  6.8
Ice Magic      | 3 |  3.5
Fire Magic     | 3 |  3.2
Poison Magic   | 2 |  2.6
Necromancy     | 4 |  4.4
Air Magic      | 2 |  2.9
Translocations | 3 |  3.6
Hexes          | 2 |  2.2
Armour         | 1 |  1.1
Stealth        | |  2.4

Action                   |  1- 3 |  4- 6 |  7- 9 | 10-12 || total
-------------------------+-------+-------+-------+-------++-------
Melee: Unarmed           |     8 |       |       |     9 ||    17
       Spear             |       |    42 |   435 |   526 ||  1003
Throw: Stone             |       |       |     4 |     7 ||    11
       Javelin           |       |       |       |     8 ||     8
       Throwing net      |       |       |       |     1 ||     1
 Cast: Magic Dart        |    70 |   109 |   171 |   143 ||   493
       Mephitic Cloud    |     1 |     1 |     4 |    27 ||    33
       Call Imp          |       |    21 |    69 |   132 ||   222
       Sticks to Snakes  |       |     3 |     7 |     7 ||    17
       Conjure Flame     |       |       |    29 |    67 ||    96
       Blink             |       |       |    15 |    13 ||    28
       Ice Form          |       |       |       |     5 ||     5
       Animate Skeleton  |       |       |       |    11 ||    11
Invok: Divine Energy     |       |       |       |     1 ||     1
  Use: Scroll            |       |    13 |     6 |    10 ||    29
       Potion            |       |       |       |     4 ||     4
 Stab: Distracted        |       |     1 |     2 |     2 ||     5
       Sleeping          |       |       |     5 |       ||     5
       Confused          |       |       |     2 |     7 ||     9
  Eat: Chunk             |     3 |     2 |    21 |    26 ||    52
       Meat ration       |       |     1 |       |       ||     1
       Fruit             |       |       |     2 |     6 ||     8
       Bread ration      |       |       |       |     1 ||     1
Armor: Robe              |     4 |    17 |    68 |    36 ||   125
       Leather armour    |     1 |       |       |    25 ||    26
       Skin              |       |       |       |     3 ||     3
Dodge: Dodged            |    19 |    59 |   221 |   323 ||   622
Block: Other             |       |       |    56 |    26 ||    82
       Reflection        |       |       |     3 |     6 ||     9
       Buckler           |       |       |       |   152 ||   152
